 Dungeon Crawl Stone Soup version 0.29.0-13-gc9e81de378 (webtiles) character file.

Game seed: 1349677205135036509

2333 nicolae the Cleaver (level 9, -10/51 HPs)
             Began as a Gargoyle Berserker on Sept 11, 2022.
             Was a Priest of Trog.
             Mangled by a two-headed ogre
             ... wielding a +0 great mace
              (19 damage)
             ... on level 6 of the Dungeon.
             The game lasted 00:09:01 (5456 turns).

nicolae the Cleaver (Gargoyle Berserker)            Turns: 5456, Time: 00:09:01

Health: -10/51     AC: 18    Str: 25    XL:     9   Next: 42%
Magic:  9/9        EV:  7    Int:  8    God:    Trog [***...]
Gold:   274        SH:  0    Dex:  9    Spells: 8/8 levels left

rFire   . . .      SeeInvis .   r - +2 war axe
rCold   + + .      Faith    .   (no shield)
rNeg    + . .      Spirit   .   D - +0 plate armour
rPois   ∞          Reflect  .   (no helmet)
rElec   +          Harm     .   o - +0 cloak
rCorr   .          Rampage  .   (no gloves)
Will    .....                   (no boots)
Stlth   ..........              (no amulet)
HPRegen 0.17/turn               c - ring of protection from cold
MPRegen 0.11/turn               p - ring of protection from cold

@: no status effects
A: sickness immunity, AC +6, negative energy resistance 1, electricity
resistance, torment resistance 1, petrification resistance
a: Renounce Religion, Berserk, Trog's Hand


You were on level 6 of the Dungeon.
You worshipped Trog.
Trog was most pleased with you.
You visited 2 branches of the dungeon, and saw 8 of its levels.

You collected 274 gold pieces.

Inventory:

Hand Weapons
 r - a +2 war axe (weapon)
Missiles
 f - 17 poisoned darts (quivered)
 s - 2 javelins
 A - a curare-tipped dart
 F - 2 boomerangs
Armour
 o - a +0 cloak (worn)
 D - a +0 plate armour (worn)
Jewellery
 c - a ring of protection from cold (left hand)
 p - a ring of protection from cold (right hand)
Wands
 E - a wand of charming (12)
 G - a wand of iceblast (7)
Scrolls
 a - a scroll of fear {unknown}
 b - 3 scrolls of immolation
 d - a scroll of summoning
 i - a scroll of noise {unknown}
 j - a scroll of acquirement {unknown}
 l - a scroll of amnesia {unknown}
 q - a scroll of magic mapping {unknown}
 t - a scroll of butterflies {unknown}
 u - 2 scrolls of teleportation
 z - a scroll of enchant armour {unknown}
 B - a scroll of vulnerability {unknown}
 C - a scroll of blinking
Potions
 e - 2 potions of resistance
 g - 2 potions of attraction
 h - a potion of haste
 m - 4 potions of curing
 n - a potion of mutation
 v - 3 potions of might
 w - 2 potions of berserk rage
 x - a potion of magic


   Skills:
 - Level 3.2 Fighting
 + Level 11.6 Axes
 - Level 2.1 Armour
 - Level 1.5 Dodging


You had 8 spell levels left.
You didn't know any spells.
Your spell library was empty.

Dungeon Overview and Level Annotations

Branches:
Dungeon (7/15)             Temple (1/1) D:5

Altars:
Cheibriados
Elyvilon
Fedhas
Gozag
Hepliaklqana
Kikubaaqudgha
Makhleb
Nemelex Xobeh
Qazlal
Uskayaw
Vehumet
Xom
Zin
The Shining One


Innate Abilities, Weirdness & Mutations

You are immune to sickness and miasma.
Your stone body is resilient. (AC +6)
You are immune to poison.
You resist negative energy. (rN+)
You are resistant to electric shocks. (rElec)
You are resistant to unholy torment.
You are immune to petrification.


Message History

You hear a shout!
You hear an angry hiss. x2; You hear a shout!
You hear an angry hiss.
You hear two shouts!
You closely miss the howler monkey.
The howler monkey is severely wounded.
The howler monkey hits you but does no damage.
An orc comes into view. It is wielding a +0 club.
The howler monkey hits you but does no damage.
You barely miss the howler monkey.
The howler monkey is severely wounded.
The howler monkey hits you.
You slash the howler monkey!
You kill the howler monkey!
Trog accepts your kill.
You slash the orc!
You kill the orc!
Trog accepts your kill.
No target in view!
No target in view!
Things that are here:
a +0 club; a +0 leather armour A two-headed ogre comes into view.
It is wielding a +0 great mace and a +0 giant spiked club.
Found a ring mail.
You see here a +0 pair of gloves.
You slash the two-headed ogre!
The two-headed ogre is moderately wounded.
A two-headed ogre comes into view. It is wielding two +0 giant clubs.
The two-headed ogre hits you with a +0 great mace.
The two-headed ogre barely misses you.
You hit the two-headed ogre.
The two-headed ogre is moderately wounded.
You hit the two-headed ogre.
The two-headed ogre is moderately wounded.
The two-headed ogre hits you with a +0 great mace!
The two-headed ogre hits you with a +0 giant spiked club!
You barely miss the two-headed ogre.
The two-headed ogre is moderately wounded.
The two-headed ogre hits you with a +0 great mace!!
* * * LOW HITPOINT WARNING * * *
The two-headed ogre hits you with a +0 giant spiked club!!
You die...

#.# ##.......###.
..# #...#.#### #. #
#.# #.#.....# #.
#...# #.......# #
#.#.+ ##.##.#.#
#...# #.##.#.# #[#O#
#.##.#.#####
#.O[#.###)##.#......
###@#....)##.#......
#...#.###.).....(...
#.#.# ##.##)..#####.
#...# #.....#.#
#.#.# ##.##...#
#..)# #.###### #.#.#
#.# ### #...# #.#
#.. ###.# #.# #.#


You could see 2 two-headed ogres.

Vanquished Creatures
  Pikel (D:4)
  Grinder (D:6)
  A steam dragon (D:7)
  A water moccasin (D:5)
  A lemure (D:4)
  4 phantoms
  A kobold brigand (D:7)
  A necrophage (D:4)
  2 scorpions (D:5)
  5 wights (D:6)
  A howler monkey (D:6)
  4 hounds
  2 jellies (D:4)
  Terence (D:2)
  2 iguanas (D:5)
  5 orc wizards
  9 adders
  3 gnolls (D:2)
  A shadow imp (D:5)
  2 white imps
  An ufetubus (D:4)
  3 worms
  18 orcs
  3 bats
  7 endoplasms
  2 giant cockroaches
  5 goblins
  4 hobgoblins
  13 kobolds
  3 quokkas
  6 ball pythons
  3 frilled lizards
  A rat (D:2)
117 creatures vanquished.

Vanquished Creatures (others)
  An orc wizard (D:4)
1 creature vanquished.

Grand Total: 118 creatures vanquished

Notes
Turn   | Place    | Note
-------+----------+-------------------------------------------
     0 | D:1      | nicolae the Gargoyle Berserker began the quest for the Orb.
     0 | D:1      | Reached XP level 1. HP: 14/14 MP: 1/1
   263 | D:1      | Reached skill level 3 in Axes
   274 | D:1      | Reached XP level 2. HP: 19/19 MP: 2/2
   571 | D:2      | Reached XP level 3. HP: 23/23 MP: 3/3
   576 | D:2      | Reached skill level 4 in Axes
   859 | D:2      | Noticed Terence
   874 | D:2      | Killed Terence
   875 | D:2      | Reached XP level 4. HP: 24/28 MP: 4/4
  1347 | D:3      | Reached ** piety under Trog
  1629 | D:3      | Reached skill level 5 in Axes
  1629 | D:3      | Reached XP level 5. HP: 32/32 MP: 5/5
  1727 | D:3      | Found a hide-covered altar of Uskayaw.
  1765 | D:3      | Found a faded altar of an unknown god.
  2201 | D:4      | You fall into a shaft and drop 3 floors!
  2244 | D:7      | Noticed a kobold brigand
  2264 | D:7      | Killed a kobold brigand
  2265 | D:7      | Reached XP level 6. HP: 37/37 MP: 6/6
  2412 | D:7      | Noticed a steam dragon
  2428 | D:7      | Killed a steam dragon
  2429 | D:7      | Reached skill level 6 in Axes
  2805 | D:7      | Noticed a water moccasin
  2916 | D:5      | Entered Level 5 of the Dungeon
  2925 | D:5      | Noticed a water moccasin
  2935 | D:5      | Killed a water moccasin
  2936 | D:5      | Reached skill level 7 in Axes
  2936 | D:5      | Reached XP level 7. HP: 41/41 MP: 7/7
  3141 | D:5      | Found a staircase to the Ecumenical Temple.
  3372 | D:5      | Found a snail-covered altar of Cheibriados.
  3445 | D:5      | Reached skill level 8 in Axes
  3821 | D:4      | Reached XP level 8. HP: 46/46 MP: 8/8
  3904 | D:4      | Reached *** piety under Trog
  3927 | D:4      | Reached skill level 9 in Axes
  3928 | D:4      | Noticed Pikel
  3951 | D:4      | Killed Pikel
  3952 | D:4      | Reached skill level 10 in Axes
  4287 | D:4      | Found a white marble altar of Elyvilon.
  4417 | D:4      | Reached XP level 9. HP: 45/51 MP: 9/9
  4918 | D:5      | Found a glowing golden altar of the Shining One.
  4996 | Temple   | Entered the Ecumenical Temple
  5326 | D:6      | Noticed Grinder
  5336 | D:6      | Paralysed by Grinder for 3 turns
  5347 | D:6      | Killed Grinder
  5348 | D:6      | Reached skill level 11 in Axes
  5448 | D:6      | Noticed a two-headed ogre
  5452 | D:6      | Noticed a two-headed ogre
  5456 | D:6      | Mangled by a two-headed ogre

Illustrated notes

Levels and vault maps discovered:
D:1:      amcnicky_arrival_feature_with_door, layout_basic
D:2:      layout_loops_cross, corexii_item_surrounded_by_moat, uniq_terence
D:3:      layout_loops_ring, nicolae_uskayaw_dance_hall,
          shapermc_ecumenical_altar_hornbeckon
D:4:      layout_basic, lemuel_round_altar, columned_hall_lemuel,
          minmay_misc_feat_chi, minmay_fractal_squares_5, uniq_pikel
D:5:      layout_cave_pools, nicolae_overflow_hidden_temple,
          nicolae_tso_swordbearing_angel, minmay_temple_entry_waves
D:6:      layout_loops_cross, hangedman_minor_gate_pass, uniq_sigmund,
          uniq_grinder
D:7:      layout_loops_ring, lemuel_round_altar, grunt_ashenzari_visionary
          [grunt_ashenzari_visionary_shoals, grunt_ashenzari_visionary_spider]
Temple:   chequers_temple_sunken

Skill      XL: |  1  2  3  4  5  6  7  8  9 |
---------------+----------------------------+-----
Axes           | 3 4 5 7 8 10 11 | 11.6
Fighting       | |  3.2
Armour         | |  2.1
Dodging        | |  1.5

Action                   |  1- 3 |  4- 6 |  7- 9 || total
-------------------------+-------+-------+-------++-------
Melee: Hand axe          |    58 |   112 |    87 ||   257
       War axe           |       |       |   176 ||   176
       Punch             |       |       |     4 ||     4
Throw: Dart              |       |     1 |       ||     1
Invok: Berserk           |     2 |     3 |     2 ||     7
       Trog's Hand       |       |       |     3 ||     3
  Use: Scroll            |       |     5 |    10 ||    15
       Potion            |       |       |     2 ||     2
 Stab: Sleeping          |     1 |       |       ||     1
Armor: Animal skin       |    17 |       |       ||    17
       Scale mail        |       |    12 |       ||    12
       Chain mail        |       |    47 |    44 ||    91
       Plate armour      |       |       |   129 ||   129
Dodge: Dodged            |    34 |    49 |    74 ||   157
